AoeStats
← [Massa] Edo

African Clearing

505269731Analyzed
2v2 RM · 23d ago on Sep 8, 2026· 48m 12s· 4 players
Game mode
Random Map
Map size
Medium (4 player)
Population
200
Speed
Normal
Resources
Standard
Victory
Conquest
Starting age
Dark Age
Ending age
Imperial Age
RankedLock teamsTeams togetherTeam positionsShared explorationLock speedFull tech treeHidden civsTurbo modeCheats
Victory
Defeat
🇧🇷 Magyars · Brazil
1480
+13
🇧🇷 Chinese · Brazil
1439
+15
🇹🇷 Mongols · Türkiye
1435
-15
🇮🇹 Armenians · Italy
1397
-13
Satriani
7:25 Loom
12:05 Feudal Age
16:25 Castle Age
15:03 Double-Bit Axe
16:27 Fletching
17:50 Bodkin Arrow
24:45 Ballistics
27:58 Padded Archer Armor
34:22 Gold Mining
36:05 Bloodlines
37:32 Thumb Ring
38:04 Leather Archer Armor
38:52 Horse Collar
39:59 Husbandry
44:26 Imperial Age
42:09 Light Cavalry
42:55 Scale Barding Armor
45:20 Bracer
46:23 Sappers
48:10 Chemistry
GdR_Salinaro
6:53 Loom
12:28 Feudal Age
12:31 Man-at-Arms
13:15 Double-Bit Axe
13:35 Arson
18:48 Fletching
21:51 Wheelbarrow
24:32 Stone Mining
26:46 Castle Age
24:48 Stone Mining
25:25 Scale Mail Armor
25:12 Horse Collar
26:01 Pikeman
27:12 Elite Skirmisher
29:43 Hand Cart
29:42 Bow Saw
29:22 Gold Mining
35:39 Gold Shaft Mining
38:57 Imperial Age
37:47 Heavy Plow
39:13 Squires
39:26 Forging
41:48 Conscription
43:31 Town Watch
43:33 Capped Ram
44:15 Halberdier
45:36 Chain Mail Armor
46:49 Ballistics
46:40 Masonry
48:23 Iron Casting
[Massa] Edo
9:24 Loom
11:31 Feudal Age
12:22 Double-Bit Axe
16:44 Horse Collar
19:48 Wheelbarrow
23:02 Castle Age
22:21 Scale Barding Armor
24:14 Bow Saw
24:20 Bloodlines
25:10 Husbandry
37:03 Heavy Plow
42:55 Imperial Age
40:57 Hand Cart
41:59 Chain Barding Armor
42:14 Gold Mining
42:16 Stone Mining
43:00 Cavalier
44:18 Plate Barding Armor
44:21 Gold Shaft Mining
44:14 Conscription
45:02 Paladin
tg
3:06 Loom
11:50 Feudal Age
15:31 Fletching
25:37 Castle Age
24:21 Padded Archer Armor
24:27 Double-Bit Axe
24:49 Horse Collar
26:03 Gold Mining
26:47 Bodkin Arrow
27:20 Crossbowman
28:36 Wheelbarrow
28:22 Bow Saw
39:54 Gold Shaft Mining
39:09 Stone Mining
42:38 Ballistics
44:08 Wheelbarrow
43:18 Town Watch
47:11 Imperial Age
46:39 Thumb Ring
48:03 Bracer
48:18 Leather Archer Armor
49:10 Chemistry
Connection lost

Rejoining the realm…

Still unreachable

The connection could not be restored.

Session expired

The server has moved on; the page needs a fresh start.